Map: Waterfall

Players

deezy

  • Race: Protoss Protoss
  • Spawn Location: 1:00

MattBarry - Winner!

  • Race: Zerg Zerg
  • League: Gold
  • Spawn Location: 7:00

VOD

Have the link to the VOD?

Description

Time

  • Played on: Jan. 21, 2023, 2:57 a.m.
  • Length: 3:38
Show
View Real Time Build Order
Export as new Build Order

deezy Protoss 

Build Orders:  

Get SALT Encoding   

  12  0:00  Probe  
  13  0:13  Probe  
  14  0:24  Pylon  
  14  0:25  Probe  
  15  0:32  Assimilator  
  15  0:42  Probe (Chrono Boost)  
  16  0:46  Gateway  
  16  0:54  Probe (Chrono Boost)  
  17  1:01  Probe (Chrono Boost)  
  18  1:08  Probe (Chrono Boost)  
  19  1:22  Gateway  
  19  1:24  Forge  
  19  1:34  Cybernetics Core  
  19  1:38  Zealot  
  21  1:43  Probe  
  22  2:19  Nexus  
  22  2:31  Pylon  
  22  2:49  Zealot  
  24  3:08  Stalker  
Show
View Real Time Build Order
Export as new Build Order

MattBarry Zerg - Winner!

Build Orders: Pool First 

Get SALT Encoding   

  12  0:00  Drone  
  13  0:08  Drone  
  14  0:17  Extractor  
  14  0:18  Drone  
  15  0:31  Spawning Pool  
  14  0:38  Drone, Extractor  
  14  0:51  Drone, Extractor  
  14  0:56  Overlord  
  15  1:17  Hatchery  
  14  1:20  Zergling x2  
  14  1:24  Zergling x2  
  16  1:36  Queen  
  18  1:43  Zergling x2  
  19  1:49  Zergling x2  
  20  2:01  Metabolic Boost  
  20  2:05  Drone  
  20  2:06  Drone  
  22  2:22  Overlord  
  22  2:26  Extractor  
  22  2:27  Zergling x2  
  23  2:31  Zergling x4  
  25  2:39  Drone  
  25  2:53  Zergling x6  
  28  3:13  Zergling x10  
Tags
 
League
Gold
Matchup
PvZ
Opening
Pool First
Replay Pack
Multiplayer
Spawn Locations
Cross Positions
Add a new tag
Caveats
  • Supply blocks, unpowered buildings, or Contaminate may cause inaccurate times.
  • Supply counts are checked every 10 seconds.